 Dungeon Crawl Stone Soup version 0.30-a0-989-g0d87f670db (webtiles) character file.

Game seed: 8128291907132386619

5359 PyroL the Black Sun (level 10, -10/74 HPs)
             Began as a Demonspawn Necromancer on Apr 2, 2023.
             Was a High Priest of Kikubaaqudgha.
             Shot with an arrow by a centaur warrior (24 damage)
             ... on level 8 of the Dungeon on Apr 3, 2023.
             The game lasted 00:35:54 (8342 turns).

PyroL the Black Sun (Demonspawn Necromancer)        Turns: 8342, Time: 00:35:55

Health: -10/74     AC:  9    Str:  8    XL:     10   Next: 39%
Magic:  12/17      EV: 12    Int: 21    God:    Kikubaaqudgha [*****.]
Gold:   384        SH:  0    Dex: 14    Spells: 1/19 levels left

rFire   + . .      SeeInvis .    C - +6 spear of Outrage {venom, rElec}
rCold   . . .      Faith    .    (no shield)
rNeg    . . .      Spirit   .    z - +2 robe
rPois   .          Reflect  .    (helmet restricted)
rElec   +          Rampage  .    e - scarf {harm}
rCorr   .          Harm     + .  O - +2 pair of gloves
Will    .....                    B - +0 pair of boots
Stlth   ++                       (no amulet)
HPRegen 0.32/turn                r - ring of protection from fire
MPRegen 0.15/turn                (no ring)

@: no status effects
A: antennae 1, powered by death 2, powered by pain 2, weakness stinger 1,
demonic touch 1
a: Renounce Religion, Unearth Wretches, Torment


You were on level 8 of the Dungeon.
You worshipped Kikubaaqudgha.
Kikubaaqudgha was extremely pleased with you.
You visited 1 branch of the dungeon, and saw 8 of its levels.
You also visited: Ossuary.

You collected 384 gold pieces.

Inventory:

Hand Weapons
 C - the +6 spear of Outrage (weapon) {venom, rElec}
   (You found it on level 5 of the Dungeon)

   rElec:     It insulates you from electricity.
Missiles
 a - 6 curare-tipped darts
 h - 2 poisoned darts
 A - 3 throwing nets
Armour
 e - a scarf of harm (worn)
 z - a +2 robe (worn)
 B - a +0 pair of boots (worn)
 O - a +2 pair of gloves (worn)
Jewellery
 r - a ring of protection from fire (left hand)
Wands
 c - a wand of iceblast (12)
 n - a wand of flame (18)
 E - a wand of acid (10)
Scrolls
 d - a scroll of poison
 g - a scroll of acquirement {unknown}
 i - 2 scrolls of enchant armour
 j - 4 scrolls of teleportation
 k - 2 scrolls of enchant weapon
 m - a scroll of torment {unknown}
 o - 6 scrolls of silence
 u - 2 scrolls of amnesia {unknown}
 v - a scroll of brand weapon
 w - a scroll of fog
 x - 4 scrolls of fear
 y - 2 scrolls of magic mapping {unknown}
 F - 2 scrolls of vulnerability
 K - a scroll of immolation {unknown}
 L - a scroll of noise {unknown}
 M - a scroll of summoning {unknown}
 P - a scroll of identify
Potions
 b - 2 potions of magic
 f - a potion of ambrosia {unknown}
 l - a potion of resistance
 p - 5 potions of curing
 q - 3 potions of might
 s - 2 potions of cancellation
 t - 2 potions of flight
 D - 2 potions of heal wounds
 G - 2 potions of haste
 H - 2 potions of lignification {unknown}
 I - a potion of mutation {unknown}
 J - a potion of brilliance {unknown}
 N - a potion of attraction {unknown}


   Skills:
 - Level 5.0 Fighting
 + Level 5.6 Armour
 - Level 1.7 Dodging
 - Level 1.7 Stealth
 - Level 5.0 Spellcasting
 - Level 12.0 Necromancy
 - Level 6.0 Earth Magic


You had one spell level left.
You knew the following spells:

 Your Spells              Type           Power      Damage    Failure   Level
a - Necrotise             Necr           100%       1d9       1%          1
b - Vampiric Draining     Necr           54%        2d9       1%          3
c - Kiss of Death         Conj/Necr      100%       2d13      1%          1
d - Animate Dead          Necr           54%        N/A       1%          4
e - Dispel Undead         Necr           54%        3d20      1%          4
f - Borgnjor's Vile Clut  Necr/Erth      21%        N/A       8%          5

Your spell library contained the following spells:

 Spells                   Type           Power      Damage    Failure   Level
 Agony                    Necr           54%        N/A       2%          5
 Cigotuvi's Dreadful Rot  Necr/Pois/Air  44%        N/A       3%          2
 Lesser Beckoning         Tloc           10%        N/A       16%         2
 Static Discharge         Conj/Air       10%        2-3/arc   16%         2
 Gell's Gravitas          Tloc           5%         N/A       32%         3
 Teleport Other           Tloc           5%         N/A       32%         3
 Vhi's Electric Charge    Tloc/Air       10%        N/A       32%         3
 Simulacrum               Ice/Necr       15%        N/A       80%         6
 Arcjolt                  Conj/Air       2%         1d12      96%         5
 Plasma Beam              Fire/Air       2%         2x1d9     96%         5


Dungeon Overview and Level Annotations

Branches:
Dungeon (8/15)             Temple (0/1) D:7         Ossuary (visited)
   Lair: D:8-11

Altars:
Kikubaaqudgha
Makhleb
Nemelex Xobeh
Qazlal
Sif Muna

Shops:
D:3 [


Innate Abilities, Weirdness & Mutations

You have a pair of small antennae on your head.
You regenerate health from kills.
You sometimes gain power by taking damage.
You have a small tail.
Your touch may inflict minor irresistible damage on your foes.


Message History

You start resting.
Magic restored.
You climb downwards.
The centaur warrior shouts!
The centaur warrior unwields the +1 battleaxe "Hanluaro" {flame, rElec}.
It stops flaming.
The centaur warrior wields a +0 longbow.
The centaur warrior shoots an arrow.
The arrow hits you!
You focus on the pain.
You feel very mighty all of a sudden.
There is a stone staircase leading up, spattered with blood here.
Casting: Vampiric Draining (safe; 1% risk of failure)
Confirm with . or Enter, or press ? or * to list all spells.
Okay, then.
The centaur warrior shoots an arrow.
The arrow hits you!
The centaur warrior shoots an arrow.
The arrow hits you!
* * * LOW HITPOINT WARNING * * *
The centaur warrior shoots an arrow.
The arrow closely misses you.
There is a stone staircase leading up, spattered with blood here.
You climb upwards.
There is a stone staircase leading down here.
You start resting.
You feel a little less mighty now.
You start resting.
HP restored.
You climb downwards.
The centaur warrior shoots an arrow.
The arrow hits you!!
The centaur warrior shoots an arrow.
The arrow hits you!
There is a stone staircase leading up, spattered with blood here.
Casting: Vampiric Draining (safe; 1% risk of failure)
Confirm with . or Enter, or press ? or * to list all spells.
Aiming: Borgnjor's Vile Clutch (dangerous; 8% risk of failure)
Press: ? - help, Shift-Dir - straight line, f - centaur warrior
Aim: a centaur warrior, wielding a +0 longbow (100% to hit)
Zombie hands grab the centaur warrior.
The zombie hands constrict the centaur warrior.
The centaur warrior shoots an arrow.
The arrow hits you!!
* * * LOW HITPOINT WARNING * * *
The zombie hands release their grip on the centaur warrior.
The centaur warrior shoots an arrow.
The arrow hits you!!
You die...
Kikubaaqudgha rasps: "You have failed me!
Welcome... death!"

##. ... #.. #.#..
##.#..## #......##
#..##...# # #
#.....)@#.#
##.#######...#.#...#
....†...##...#..#.c#
###†###..#<).##. ..#
... ##))...### ..#
.z.. ##..........#
)#.# ########...#
### ..# ..#


You could see a centaur warrior.

Vanquished Creatures
  A two-headed ogre (D:8)
  Pikel (D:4)
  Grinder (D:6)
  Sigmund (D:3)
  7 yaks (D:7)
  Eustachio (D:5)
  A black bear (D:6)
  3 ice beasts (D:6)
  An ogre (D:7)
  2 phantoms
  A lemure (D:3)
  Blork the orc (D:5)
  A gnoll sergeant (D:8)
  3 scorpions
  A wight (D:8)
  3 howler monkeys
  An electric eel (D:6)
  2 jellies
  4 hounds
  3 gnoll boudas
  3 sleepcaps
  An iguana (D:4)
  2 orc wizards (D:7)
  Robin (D:4)
  14 mummies (Ossuary)
  19 gnolls
  12 adders
  A shadow imp (D:6)
  A white imp (D:7)
  3 worms (D:3)
  A dart slug (D:3)
  12 orcs
  7 ball pythons
  7 endoplasms
  6 giant cockroaches
  15 goblins
  8 hobgoblins
  8 jackals
  2 quokkas
  11 bats
  3 frilled lizards
  2 goblin skeletons (Ossuary)
  7 kobolds
  2 kobold skeletons (Ossuary)
  4 orc skeletons (Ossuary)
  3 rats
  11 rat skeletons (Ossuary)
205 creatures vanquished.

Vanquished Creatures (collateral kills)
  3 yaks (D:7)
  A water moccasin (D:7)
  A black bear (D:5)
  A howler monkey (D:7)
  A jelly (D:7)
  An adder (D:3)
  A white imp (D:7)
  A worm (D:2)
  An orc (D:7)
  An endoplasm (D:2)
  A bat (D:2)
  A rat (D:3)
14 creatures vanquished.

Vanquished Creatures (others)
  4 yak zombies (D:7)
  3 gnoll zombies (D:5)
  2 goblin zombies (D:4)
  An orc zombie (D:4)
  20 plants (D:4)
30 creatures vanquished.

Grand Total: 249 creatures vanquished

Notes
Turn   | Place    | Note
-------+----------+-------------------------------------------
     0 | D:1      | PyroL the Demonspawn Necromancer began the quest for the
                  | Orb.
     0 | D:1      | Reached XP level 1. HP: 13/13 MP: 3/3
   343 | D:1      | Gained mutation: You sometimes gain a little power by
                  | taking damage. [demonic ancestry]
   343 | D:1      | Reached XP level 2. HP: 19/19 MP: 1/5
   545 | D:1      | Reached skill level 5 in Necromancy
   781 | D:1      | Discovered your monstrous ancestry.
   781 | D:1      | Gained mutation: Your touch may inflict minor irresistible
                  | damage on your foes. [demonic ancestry]
   781 | D:1      | Reached XP level 3. HP: 24/24 MP: 0/6
  1231 | D:2      | Found a faded altar of an unknown god.
  1314 | D:2      | Prayed at the altar of an unknown god.
  1314 | D:2      | Became a worshipper of Kikubaaqudgha
  1314 | D:2      | Reached * piety under Kikubaaqudgha
  1314 | D:2      | Received a gift from Kikubaaqudgha
  1319 | D:2      | Learned a level 3 spell: Vampiric Draining
  1321 | D:2      | Learned a level 1 spell: Kiss of Death
  1533 | D:2      | Gained mutation: You have a small tail. [demonic ancestry]
  1533 | D:2      | Reached XP level 4. HP: 30/30 MP: 6/8
  2299 | D:3      | Reached skill level 6 in Necromancy
  2434 | D:3      | Reached ** piety under Kikubaaqudgha
  2563 | D:3      | Noticed Sigmund
  2570 | D:3      | Killed Sigmund
  2571 | D:3      | Reached skill level 7 in Necromancy
  2571 | D:3      | Reached XP level 5. HP: 29/35 MP: 7/9
  2571 | D:3      | Reached XP level 6. HP: 34/41 MP: 7/10
  2864 | D:3      | Found Ixku's Antique Armour Shop.
  3467 | D:3      | Reached skill level 8 in Necromancy
  3586 | D:4      | Learned a level 4 spell: Animate Dead
  3666 | D:4      | Noticed Robin
  3683 | D:4      | Killed Robin
  3876 | D:4      | Found a burning altar of Makhleb.
  3980 | D:4      | Noticed Pikel
  3989 | D:4      | Killed Pikel
  3990 | D:4      | Reached skill level 10 in Necromancy
  3990 | D:4      | Gained mutation: You regenerate a little health from kills.
                  | [demonic ancestry]
  3990 | D:4      | Reached XP level 7. HP: 28/46 MP: 2/11
  4249 | D:4      | Found a sparkling altar of Nemelex Xobeh.
  4381 | D:5      | Entered Level 5 of the Dungeon
  4384 | D:5      | Reached skill level 1 in Fighting
  4643 | D:4      | Reached *** piety under Kikubaaqudgha
  4643 | D:4      | Received a gift from Kikubaaqudgha
  4644 | D:4      | Gained mutation: You regenerate health from kills. [demonic
                  | ancestry]
  4644 | D:4      | Reached XP level 8. HP: 36/56 MP: 6/12
  4766 | D:4      | Found a stormy altar of Qazlal.
  5146 | D:5      | Identified the +6 spear of Outrage {venom, rElec}
  5455 | D:5      | Reached skill level 5 in Fighting
  5569 | D:5      | Reached skill level 1 in Armour
  6218 | D:6      | Found a sand-covered staircase.
  6223 | Ossuary  | Entered an ossuary
  6229 | Ossuary  | Learned a level 4 spell: Dispel Undead
  6430 | Ossuary  | Reached **** piety under Kikubaaqudgha
  6911 | D:6      | Noticed Eustachio
  6915 | D:6      | Noticed Blork the orc
  6918 | D:6      | Noticed Grinder
  6933 | D:5      | Killed Eustachio
  6934 | D:5      | Gained mutation: You sometimes gain power by taking damage.
                  | [demonic ancestry]
  6934 | D:5      | Reached XP level 9. HP: 31/68 MP: 5/16
  6936 | D:5      | Killed Blork the orc
  6985 | D:6      | Killed Grinder
  6986 | D:6      | Reached skill level 5 in Spellcasting
  7119 | D:6      | Reached skill level 5 in Armour
  7341 | D:6      | Reached skill level 1 in Earth Magic
  7510 | D:7      | Reached skill level 11 in Necromancy
  7526 | D:7      | Gained mutation: You have a pair of small antennae on your
                  | head. [demonic ancestry]
  7526 | D:7      | Reached XP level 10. HP: 65/74 MP: 14/17
  7564 | D:7      | Found a staircase to the Ecumenical Temple.
  7656 | D:7      | Reached ***** piety under Kikubaaqudgha
  7685 | D:7      | Found a shimmering blue altar of Sif Muna.
  7792 | D:7      | Reached skill level 12 in Necromancy
  7834 | D:7      | Learned a level 5 spell: Borgnjor's Vile Clutch
  7955 | D:8      | Reached skill level 5 in Earth Magic
  8028 | D:8      | Noticed a two-headed ogre
  8114 | D:8      | Killed a two-headed ogre
  8137 | D:8      | Identified the +1 battleaxe "Hanluaro" {flame, rElec}
  8137 | D:8      | Noticed a centaur warrior
  8342 | D:8      | Shot with an arrow by a centaur warrior

Illustrated notes

Levels and vault maps discovered:
D:1:      lemuel_arrival_funnel, layout_loops_corners
D:2:      layout_basic, hellmonk_ecumenical_altar_pennies_from_heaven
D:3:      layout_loops_cross, serial_shops, shop, uniq_sigmund
D:4:      layout_loops_corners, kennysheep_mini_moat,
          makhleb_blood_cavern_becter, mainiacjoe_overflow_six_doors_small,
          serial_bayou_pond_c, uniq_robin, uniq_pikel
D:5:      layout_cave_pools
D:6:      layout_rooms, nicolae_ossuary_entry_ruins, minmay_misc_feat_iff,
          kennysheep_generic_room_4, uniq_blork_the_orc, uniq_eustachio,
          uniq_grinder
D:7:      layout_rooms, led_sif_book, minmay_temple_entry_statues_fountains,
          minmay_misc_feat_enclosed, grunt_ministairs_5
D:8:      minmay_the_grid_octo_tiled_squarecenter [minmay_the_grid_octo_chip,
          minmay_the_grid_octo_toaster, minmay_the_grid_octo_teeth,
          minmay_the_grid_octo_pinwheel,
          minmay_the_grid_square_5x5_megaprize_crossed,
          minmay_the_grid_square_5x5_fancy_junction,
          minmay_the_grid_square_5x5_inner_v,
          minmay_the_grid_square_5x5_checkered_statues,
          minmay_the_grid_square_5x5_mess], layout_basic, okawaru_trees_2,
          nicolae_overflow_crystal_walls

Skill      XL: |  1  2  3  4  5  6  7  8  9 10 |
---------------+-------------------------------+-----
Necromancy     | 5 7 10 11 12 | 12.0
Spellcasting   | 3 4 5 |  5.0
Fighting       | 2 5 |  5.0
Armour         | 3 5 |  5.6
Earth Magic    | 4 6 |  6.0
Dodging        | |  1.7
Stealth        | |  1.7

Action                     |  1- 3 |  4- 6 |  7- 9 | 10-12 || total
---------------------------+-------+-------+-------+-------++-------
  Melee: Long sword        |    13 |    54 |       |       ||    67
         Touch             |       |     4 |    27 |     5 ||    36
         Tailslap          |       |     4 |    23 |     2 ||    29
         Punch             |       |     2 |     1 |       ||     3
         Whip              |       |       |    17 |       ||    17
         Spear             |       |       |   149 |    38 ||   187
   Cast: Necrotise         |    61 |    74 |    91 |    18 ||   244
         Kiss of Death     |       |     2 |       |       ||     2
         Vampiric Draining |       |     1 |    16 |     4 ||    21
         Animate Dead      |       |     1 |     5 |       ||     6
         Dispel Undead     |       |       |     4 |     2 ||     6
         Borgnjor's Vile C |       |       |       |     3 ||     3
    Use: Scroll            |       |     6 |    10 |       ||    16
   Stab: Distracted        |       |     1 |     1 |       ||     2
         Sleeping          |       |       |    10 |     1 ||    11
 Armour: Robe              |    10 |    16 |    31 |     5 ||    62
  Dodge: Dodged            |    31 |    50 |    83 |    26 ||   190

Table legend: (Time is in decaauts)
 A = Elapsed time spent in this place.
 B = Non-inter-level travel time spent in this place.
 C = Inter-level travel time spent in this place.
 D = Time resting spent in this place.
 E = Time spent auto-exploring this place.
 F = Levels seen in this place.
 G = Mean time per level.
                   A        B        C        D        E       F      G
               +--------+--------+--------+--------+--------+-----+--------+
         Total |   8402 |   8120 |    282 |   1187 |   5274 |   9 |  933.6 |
       Dungeon |   7790 |   7508 |    282 |   1078 |   4947 |   8 |  973.8 |
       Ossuary |    612 |    612 |      0 |    109 |    327 |   1 |  612.0 |
               +--------+--------+--------+--------+--------+-----+--------+

Top non-repeatable levels by time:
     D:4: 1687 daAuts
     D:1: 1207 daAuts
     D:5: 1094 daAuts
     D:3: 1039 daAuts
     D:2: 1021 daAuts
     D:7: 828 daAuts
     D:6: 784 daAuts
 Ossuary: 612 daAuts
     D:8: 125 daAuts
